Unix NetHack Version 5.0.0-0 post-release - last build May 31 2026 23:59:36 (970b52f25bf058293b47ddfd14a1e40e571c508c,branch:main).

Game began 2026-06-09 15:05:27, ended 2026-06-09 15:49:08.

LDaviesPeters, neutral female human Archeologist

                                --------   ----
                                |....i.-----..|
                                |...``..^.^^^^|
                                |....``------^|
                                |......|    |^|
                                |----.------|^|
                                |..%..|....||^|
                                |.`.`.|```.||^|
                                |..``......-|^|
                                |....---...>|<|
                                ------ --------

LDaviesPeters the Investigator  St:13 Dx:9 Co:14 In:15 Wi:17 Ch:10  Neutral
Dlvl:6  $:0  HP:0(36) Pw:35(35) AC:8  Xp:6 T:2798 

Latest messages:
 You descend the stairs.
 You climb up the stairs.
 You climb up the stairs.
 You see here a slime mold.
 e - a slime mold.
 You see here a food ration.
 You learn more about your items by comparing them.
 d - an uncursed food ration (6 in total).
 With great effort you move the boulder.
 With great effort you move the boulder.
 You see here an agate ring.
 i - an agate ring.
 You see here an egg.
 With great effort you move the boulder.
 You lash the quasit!
 You cannot pass that way.
 What do you want to zap? [oFV or ?*] ?
 What do you want to zap? [oFV or ?*] <space>
 Never mind.
 With great effort you move the boulder.
 The boulder suddenly rolls away from you!
 You hear a boulder fall.
 You lash the quasit!
 The quasit hits!
 The quasit just misses!
 The quasit bites!
 You miss the quasit.
 The quasit hits!
 The quasit hits again!
 The quasit bites!
 The quasit hits!
 The quasit hits again!
 The quasit bites!
 You lash the quasit!
 The quasit hits!
 The quasit hits again!
 The quasit bites!
 You miss the quasit.
 The quasit hits!
 The quasit hits again!
 The quasit bites!
 You lash the quasit.
 The quasit hits!
 The quasit's sting was poisoned!
 You die...
 Do you want your possessions identified? [ynq] (y) y
 Do you want to see your attributes? [ynq] (y) y
 Do you want an account of creatures vanquished? [ynaq] (y) n
 Do you want to see your conduct and achievements? [ynq] (y) y
 Do you want to see the dungeon overview? [ynq] (y) n

Inventory:
 Weapons  (')')
  s - a +0 dagger
  a - a +2 bullwhip (weapon in right hand)
 Armor    ('[')
  c - an uncursed +0 fedora (being worn)
  C - an uncursed +0 pair of speed boots (being worn)
  h - an uncursed +0 leather jacket (being worn)
 Comestibles  ('%')
  e - an uncursed slime mold
  d - 6 uncursed food rations
  v - an uncursed lembas wafer
  G - 2 uncursed tripe rations
 Rings    ('=')
  K - an uncursed ring of invisibility (on left hand)
  i - a cursed ring of searching
 Wands    ('/')
  V - a wand of enlightenment (0:15)
  o - a wand of fire (0:3)
  F - a wand of sleep (0:4)
 Tools    ('(')
  b - an uncursed sack containing 1 item
  B - an uncursed blindfold
  k - an uncursed lock pick
  n - an uncursed magic whistle
  p - a +0 pick-axe (alternate weapon; not wielded)
  f - a tinning kit (0:80)
 Gems/Stones  ('*')
  g - an uncursed touchstone

Contents of the sack:
  275 gold pieces

LDaviesPeters the Archeologist's attributes:

Background:
 You were an Investigator, a level 6 female human Archeologist.
 You were neutral, on a mission for Camaxtli
 who was opposed by Quetzalcoatl (lawful) and Huhetotl (chaotic).
 You were right-handed.
 You were in Sokoban, on level 6.
 You entered the dungeon 2798 turns ago.
 You had 332 experience points, 308 more were needed to attain level 7.

Basics:
 You had 0 out of 36 hit points.
 You had all 35 energy points (spell power).
 Your armor class was 8.
 Your wallet was empty, but
 you had 275 zorkmids stashed away in your pack.
 Autopickup was off.

Final Characteristics:
 Your strength was 13 (limit:18/100).
 Your dexterity was 9 (limit:18).
 Your constitution was 14 (limit:18).
 Your intelligence was 15 (limit:18).
 Your wisdom was 17 (limit:18).
 Your charisma was 10 (limit:18).

Final Status:
 You weren't hungry.
 You were unencumbered.
 You were wielding a whip.
 You were skilled in whip.

Final Attributes:
 You were piously aligned.
 You had automatic searching.
 You were invisible.
 You were stealthy.
 You were very fast.
 You were lucky.
 You are dead.

Miscellaneous:
 You didn't encounter any bones levels.
 Total elapsed playing time was 43 minutes and 37 seconds.

Major events:
 Turn
    1: LDaviesPeters the neutral female human Archeologist entered the dungeon
  732: attained the rank of Field Worker (level 3)
  907: entered the Gnomish Mines
 2712: attained the rank of Investigator (level 6)
 2776: entered Sokoban
 2798: killed by a quasit

Spells:
 Name                 Level Category     Fail Retention
 identify               3   divination   100%  76%-100%
 wizard lock            2   matter        76%  76%-100%

Skills:
 Fighting Skills
   bare handed combat [Unskilled]
   two weapon combat  [Unskilled]
   riding             [Unskilled]
 Weapon Skills
   dagger             [Unskilled]
   knife              [Unskilled]
   pick-axe           [Basic]
   short sword        [Unskilled]
   saber              [Unskilled]
   club               [Unskilled]
   quarterstaff       [Unskilled]
   sling              [Unskilled]
   dart               [Unskilled]
   boomerang          [Unskilled]
   whip               [Skilled]
   unicorn horn       [Unskilled]
 Spellcasting Skills
   attack spells      [Unskilled]
   healing spells     [Unskilled]
   divination spells  [Unskilled]
   matter spells      [Unskilled]

Voluntary challenges:
 Character rerolling was not enabled.
 You never genocided any monsters.
 You never polymorphed an object.
 You never changed form.
 You used no wishes.
 You did not violate any of the special Sokoban rules.
Achievements:
 You attained the rank of Field Worker.
 You entered the Gnomish Mines.
 You attained the rank of Investigator.
 You entered Sokoban.

 The Dungeons of Doom: levels 1 to 8
    Level 1:
    Level 2:
       Some fountains.
    Level 3:
       A fountain.
       Stairs down to The Gnomish Mines.
    Level 4:
       A fountain.
    Level 5:
       A fountain.
    Level 6:
       Many fountains.
    Level 7:
       A sink.
       Stairs up to Sokoban, level 6.
    Level 8:
 The Gnomish Mines:
    Level 4:
 Sokoban:
    Level 6: <- You were here.
       Unsolved.
       Final resting place for
          you, killed by a quasit.


Vanquished creatures:
  a quivering blob
  2 leprechauns
  a dwarf leader
  a mountain nymph
  2 Mordor orcs
 an orc shaman
  a pony
  a gray ooze
  a paper golem
  a giant ant
  a floating eye
  a kobold leader
  a rothe
  a giant bat
  a monkey
  a dwarf zombie
  a wererat
  a coyote
  2 hobbits
  4 manes
  3 cave spiders
  a yellow mold
  a gnome zombie
  a gecko
  6 jackals
  2 goblins
  3 sewer rats
  9 grid bugs
  3 lichens
  a kobold zombie
  5 newts
61 creatures vanquished.

No species were genocided or became extinct.

Game over:
                       ----------
                      /          \
                     /    REST    \
                    /      IN      \
                   /     PEACE      \
                  /                  \
                  |  LDaviesPeters   |
                  |      275 Au      |
                  |   killed by a    |
                  |      quasit      |
                  |                  |
                  |                  |
                  |       2026       |
                 *|     *  *  *      | *
        _________)/\\_//(\/(/\)/\//\/|_)_______

Goodbye LDaviesPeters the Archeologist...

You died in Sokoban on dungeon level 6 with 1936 points,
and 275 pieces of gold, after 2798 moves.
You were level 6 with a maximum of 36 hit points when you died.

